 Dungeon Crawl Stone Soup version 0.27-a0-412-g8dd771eca2 (webtiles) character file.

Game seed: 8462303618526212049

212300 Froggeryz the Nimble (level 19, -10/148 HPs)
             Began as a Gnoll Gladiator on Feb 21, 2021.
             Was the Champion of Okawaru.
             Mangled by a spark wasp (13 damage)
             ... on level 4 of the Spider Nest on Feb 24, 2021.
             The game lasted 01:33:36 (41541 turns).

Froggeryz the Nimble (Gnoll Gladiator)             Turns: 41541, Time: 01:33:36

Health: -10/148    AC: 29    Str: 17 (19) XL:     19   Next: 32%
Magic:  35/35      EV: 21    Int:  9 (12) God:    Okawaru [******]
Gold:   3752       SH: 14    Dex: 15      Spells: 36/42 levels left

rFire    + + .     SeeInvis .   G - +5 flail of Contradiction {elec, rF+ Str+3}
rCold    . . .     Faith    .   B - +0 kite shield {reflect}
rNeg     . . .     Spirit   .   q - +2 scale mail {Will+}
rPois    .         Reflect  +   c - +0 helmet
rElec    .         Harm     .   b - +1 cloak
rCorr    .         Rampage  +   A - +1 pair of gloves of Music {rF+}
Will     +++..     Clarity  +   U - +2 pair of boots {rampage}
Stlth    +++++.....             (no amulet)
HPRegen  0.34/turn              l - ring of willpower
MPRegen  0.24/turn              Y - +4 ring of protection

@: heroism, slowed, very slow
A: distributed training, fangs 1, thin metallic scales 1, clarity, strong nose
a: Renounce Religion, Heroism, Finesse


You were on level 4 of the Spider Nest.
You worshipped Okawaru.
Okawaru was exalted by your worship.
You visited 5 branches of the dungeon, and saw 28 of its levels.
You also visited: Bailey.

You collected 6214 gold pieces.
You spent 2462 gold pieces at shops.

Inventory:

Hand Weapons
 G - the +5 flail of Contradiction (weapon) {elec, rF+ Str+3}
   (You bought it in a shop on level 13 of the Dungeon)

   Occasionally, upon striking a foe, it can discharge electrical energy and
   cause terrible harm.
   It affects your strength (+3).
   It protects you from fire.
 O - a +5 broad axe of holy wrath
 S - a +3 falchion of freezing
Missiles
 d - 10 throwing nets
 y - 3 javelins (quivered)
 I - 8 silver javelins
 X - 9 curare-tipped darts
Armour
 b - a +1 cloak (worn)
 c - a +0 helmet (worn)
 q - a +2 scale mail of willpower (worn)
 v - a +1 pair of boots of flying
 A - the +1 pair of gloves of Music (worn) {rF+}
   (Okawaru gifted it to you on level 4 of the Spider Nest)

   It protects you from fire.
 B - a +0 kite shield of reflection (worn)
 Q - the +10 tower shield of Ignorance {rN+ Int-4}
   (You found it on level 9 of the Dungeon)

   It affects your intelligence (-4).
   It protects you from negative energy.
 U - a +2 pair of boots of rampaging (worn)
Jewellery
 l - a ring of willpower (left hand)
 D - the amulet "Ommaps" {rPois rC+ Regen+ Int+2 Stlth+}
   (You bought it in a shop on level 6 of the Dungeon)

   [amulet of regeneration]

   It affects your intelligence (+2).
   It protects you from cold.
   It protects you from poison.
   It increases your rate of regeneration.
   It makes you more stealthy.
 T - a ring of resist corrosion
 Y - a +4 ring of protection (right hand)
Wands
 g - a wand of iceblast (3)
 o - a wand of charming (15)
 F - a wand of acid (2)
 H - a wand of digging (7)
 W - a wand of flame (74)
Scrolls
 f - 2 scrolls of identify
 h - 5 scrolls of blinking
 m - 2 scrolls of immolation
 n - 10 scrolls of enchant weapon
 r - 5 scrolls of fog
 s - a scroll of fear
 u - 3 scrolls of amnesia
 w - 7 scrolls of teleportation
 z - 9 scrolls of enchant armour
 C - 3 scrolls of brand weapon
 E - a scroll of silence
 R - 3 scrolls of magic mapping
Potions
 a - 6 potions of might
 e - 7 potions of curing
 i - 2 potions of cancellation
 p - 7 potions of flight
 t - 2 potions of berserk rage
 x - a potion of resistance
 K - 5 potions of haste
 L - 9 potions of ambrosia
 N - a potion of mutation


   Skills:
 + Level 12.9(17.9) Fighting
 + Level 12.2(17.2) Short Blades
 + Level 12.2(17.2) Long Blades
 + Level 12.2(17.2) Axes
 + Level 13.5(18.5) Maces & Flails
 + Level 12.2(17.2) Polearms
 + Level 12.2(17.2) Staves
 + Level 12.2(17.2) Slings
 + Level 12.2(17.2) Bows
 + Level 12.2(17.2) Crossbows
 + Level 12.9(17.9) Throwing
 + Level 12.2(17.2) Armour
 + Level 13.5(18.5) Dodging
 + Level 12.2(17.2) Stealth
 + Level 12.2(17.2) Shields
 + Level 12.2(17.2) Unarmed Combat
 + Level 12.2 Spellcasting
 + Level 10.4 Conjurations
 + Level 10.4 Hexes
 + Level 10.4 Summonings
 + Level 10.4 Necromancy
 + Level 10.4 Translocations
 + Level 10.4 Transmutations
 + Level 10.4 Fire Magic
 + Level 10.4 Ice Magic
 + Level 10.4 Air Magic
 + Level 10.4 Earth Magic
 + Level 10.4 Poison Magic
 + Level 13.2 Invocations
 + Level 12.2 Evocations


You had 36 spell levels left.
You knew the following spells:

 Your Spells              Type           Power        Failure   Level
a - Mephitic Cloud        Conj/Pois/Air  24%          1%          3
b - Ignite Poison         Fire/Tmut/Pois 24%          1%          3

Your spell library contained the following spells:

 Spells                   Type           Power        Failure   Level
 Animate Skeleton         Necr           48%          1%          1
 Apportation              Tloc           48%          1%          1
 Corona                   Hex            26%          1%          1
 Foxfire                  Conj/Fire      96%          1%          1
 Freeze                   Ice            96%          1%          1
 Magic Dart               Conj           96%          1%          1
 Sting                    Tmut/Pois      96%          1%          1
 Summon Small Mammal      Summ           96%          1%          1
 Poisonous Vapours        Pois/Air       48%          1%          2
 Searing Ray              Conj           48%          1%          2
 Confusing Touch          Hex            24%          1%          3
 Conjure Flame            Conj/Fire      24%          1%          3
 Dazzling Flash           Conj/Hex       48%          1%          3
 Frozen Ramparts          Ice            48%          1%          3
 Gell's Gravitas          Tloc           12%          1%          3
 Inner Flame              Hex/Fire       24%          1%          3
 Ozocubu's Armour         Ice            24%          1%          3
 Animate Dead             Necr           12%          3%          4
 Fulminant Prism          Conj/Hex       12%          3%          4
 Hailstorm                Conj/Ice       24%          3%          4
 Iskenderun's Mystic Bla  Conj/Tloc      24%          3%          4
 Olgreb's Toxic Radiance  Pois           24%          3%          4
 Petrify                  Tmut/Erth      24%          3%          4
 Sticky Flame             Conj/Fire      24%          3%          4
 Summon Ice Beast         Ice/Summ       24%          3%          4
 Borgnjor's Vile Clutch   Necr/Erth      12%          10%         5
 Fireball                 Conj/Fire      12%          10%         5
 Irradiate                Conj/Tmut      12%          10%         5
 Metabolic Englaciation   Hex/Ice        12%          10%         5
 Yara's Violent Unravell  Hex/Tmut       12%          10%         5
 Death Channel            Necr           12%          47%         6
 Hydra Form               Tmut           12%          47%         6
 Simulacrum               Ice/Necr       12%          47%         6
 Statue Form              Tmut/Erth      16%          47%         6
 Dragon Form              Tmut           12%          96%         7


Dungeon Overview and Level Annotations

Branches:
Dungeon (15/15) Temple (1/1) D:5 Lair (6/6) D:11 Shoals (0/4) Lair:3 Spider (4/4) Lair:4 Slime (0/5) Lair:6 Orc (2/2) D:11 Elf (0/3) Orc:2 Vaults (0/5) D:13 D:14 Depths (0/5) D:15 Bailey (visited)

Altars:
Ashenzari
Cheibriados
Dithmenos
Elyvilon
Fedhas
Gozag
Hepliaklqana
Kikubaaqudgha
Makhleb
Okawaru
Qazlal
Ru
Sif Muna
Trog
Uskayaw
Vehumet
Wu Jian
Xom
Yredelemnul
Zin
The Shining One
Beogh

Shops:
D:6 =   D:11 [   D:12 !   D:13 (   Orc:2 [[([

Portals:
Trove: D:12 (give +4 storm dragon scales)

Annotations:
D:7 exclusion: upstairs
D:9 1 runed translucent door, exclusion: 4 orange crystal statues
Lair:1 2 transporters
Lair:6 exclusion: 2 oklob plants


Innate Abilities, Weirdness & Mutations

Your experience applies equally to all skills.
You have very sharp teeth.
Your uncanny sense of smell can sniff out nearby items.
You are partially covered in thin metallic scales. (AC +2)
You possess an exceptional clarity of mind.


Message History

You feel as though you will be slow longer.
You block the spark wasp's attack.
The hornet stings you but does no damage.
The hornet completely misses you.
You sock the spark wasp!
The spark wasp is moderately wounded.
The spark wasp misses you. You block the hornet's attack.
The hornet completely misses you. The spark wasp stings you!
The spark wasp shocks you!
Unknown command.
You closely miss the spark wasp.
The spark wasp is moderately wounded.
You block the hornet's attack. x2; The spark wasp stings you.
The spark wasp shocks you! You block the hornet's attack.
The hornet stings you.
You suddenly lose the ability to move!
You can move again.
Unknown command.
You closely miss the spark wasp.
The spark wasp is moderately wounded.
The spark wasp barely misses you.
The hornet stings you but does no damage.
The hornet misses you.
The spark wasp stings you but does no damage.
Unknown command.
You sock the spark wasp!
The spark wasp is heavily wounded.
You block the hornet's attack. The hornet completely misses you.
The spark wasp stings you!!
* * * LOW HITPOINT WARNING * * *
The spark wasp shocks you!
* * * LOW HITPOINT WARNING * * *
You block the hornet's attack. The hornet closely misses you.
As you read the scroll of fear, it crumbles to dust.
You assume a fearsome visage.
The spark wasp easily resists.
The hornet looks frightened! x2
The spark wasp stings you but does no damage.
You block the spark wasp's attack. The spark wasp stings you!!
* * * LOW HITPOINT WARNING * * *
The spark wasp shocks you!
You die...

.≈###..^###≈≈.##≈^≈≈###..##^..≈#
≈.≈≈≈≈..# ############.≈≈≈..≈≈##
.^..≈#### ### #####.≈≈≈..###
#^....# ∆ +^.. .^^ #..#≈.≈#
##.≈.≈## #... .. ####≈.^#
###^.≈### .y##. ##..≈## #^...≈##
#y'# ##≈..## .^≈##≈....# #.y##
#≈..≈# .≈≈≈≈≈..^^#####.@≈#
##≈..≈#
###≈≈≈#^..≈#≈.##≈.###.^.≈##.##
######^≈^...##.≈##≈..≈≈≈≈..#
###.≈≈..≈..≈..≈≈#≈≈≈..^#
#####≈....#######≈≈### #≈≈≈###
### #####


You could see a spark wasp and 2 hornets.

Vanquished Creatures
  Frances (Spider:1)
  Agnes (Spider:1)
  Donald (Lair:4)
  6 ghost moths
  An orc warlord (Orc:2)
  4 emperor scorpions
  Nessos (D:14)
  Azrael (Lair:4)
  An entropy weaver (Spider:1)
  6 dire elephants (Lair:6)
  Snorg (D:13)
  An ettin (Orc:2)
  Harold (D:8)
  A rakshasa (D:14)
  6 hydras
  4 boulder beetles
  An anaconda (Lair:6)
  2 ice dragons (D:15)
  3 centaur warriors
  A catoblepas (Lair:2)
  Erica (D:8)
  10 two-headed ogres
  9 death yaks
  3 tengu warriors
  A queen ant (Lair:2)
  4 orc high priests (Orc:2)
  Sonja (Lair:1)
  Urug (D:13)
  3 unseen horrors
  A lindwurm (Lair:3)
  4 deep elf pyromancers
  Pikel (D:6)
  17 orb spiders
  4 orc knights
  5 orc sorcerers
  2 oklob plants (Lair:5)
  23 wolf spiders
  2 manticores
  A moth of wrath (shapeshifter) (D:15)
  14 ugly things
  12 elephants
  3 cyclopes
  2 moths of wrath
  Joseph (D:8)
  5 black mambas
  4 rime drakes
  2 gargoyles
  A torpor snail (Lair:5)
  5 yaktaurs
  15 cane toads
  Maggie (Lair:1)
  2 kobold demonologists
  11 komodo dragons
  Psyche (D:8)
  16 demonic crawlers
  2 tengu conjurers
  26 jumping spiders
  A freezing wraith (D:13)
  10 trolls
  4 polar bears (Lair:6)
  3 meliai
  A queen bee (Lair:2)
  5 hornets
  5 slime creatures (D:14)
  26 blink frogs
  5 dream sheep (Lair:5)
  A shadow (D:13)
  80 redbacks
  43 tarantellas
  Sigmund (D:2)
  2 fire elementals (Lair:4)
  9 wyverns
  15 humans (D:13)
  A wraith (D:13)
  55 yaks
  9 basilisks
  A steam dragon (Lair:5)
  6 soldier ants
  7 wargs
  An acid dragon (D:13)
  22 water moccasins
  2 hell hounds (Lair:4)
  An ice beast (D:9)
  7 black bears
  A hornet zombie (D:9)
  45 orc warriors
  4 sky beasts
  20 ogres
  An eye of draining (D:13)
  41 wolves
  17 centaurs
  A phantom (D:11)
  2 kobold brigands
  8 gnoll sergeants (Bailey)
  19 bullfrogs
  A wyvern zombie (D:11)
  A wyvern skeleton (D:14)
  3 scorpions
  30 killer bees
  21 wights
  7 electric eels
  2 howler monkeys
  3 crimson imps (D:5)
  A quasit (D:9)
  3 bullfrog zombies
  4 centaur zombies
  9 hounds
  4 jellies
  45 orc priests
  Crazy Yiuf (D:2)
  2 bullfrog skeletons
  5 centaur skeletons
  6 gnoll shamans (Bailey)
  4 iguanas
  Natasha (D:4)
  4 hell rats
  28 orc wizards
  35 worker ants
  A hound zombie (D:11)
  24 gnolls
  12 adders
  6 river rats (Lair:1)
  A shadow imp (D:6)
  A white imp (D:9)
  3 ufetubi
  An ooze (D:1)
  3 adder skeletons
  5 worms
  7 leopard geckos
  133 orcs
  5 bats
  6 giant cockroaches
  6 goblins
  5 hobgoblins
  4 jackals
  7 quokkas
  2 ball pythons
  7 frilled lizards
  2 gnoll zombies (D:6)
  13 kobolds
  A leopard gecko skeleton (D:6)
  8 rats
1225 creatures vanquished.

Vanquished Creatures (others)
  A black mamba (Lair:2)
  A water moccasin (D:13)
  2 worker ants (D:14)
  2 goblins (D:13)
  A kobold (D:12)
  71 fungi
  118 plants
196 creatures vanquished.

Grand Total: 1421 creatures vanquished

Notes
Turn   | Place    | Note
-------+----------+-------------------------------------------
     0 | D:1      | Froggeryz the Gnoll Gladiator began the quest for the Orb.
     0 | D:1      | Reached XP level 1. HP: 20/20 MP: 1/1
   116 | D:1      | Reached XP level 2. HP: 26/26 MP: 2/2
   350 | D:1      | Reached XP level 3. HP: 29/31 MP: 3/3
  1105 | D:2      | Noticed Sigmund
  1120 | D:2      | Killed Sigmund
  1121 | D:2      | Reached skill level 1 in Short Blades
  1121 | D:2      | Reached skill level 1 in Long Blades
  1121 | D:2      | Reached skill level 1 in Axes
  1121 | D:2      | Reached skill level 1 in Polearms
  1121 | D:2      | Reached skill level 1 in Staves
  1121 | D:2      | Reached skill level 1 in Slings
  1121 | D:2      | Reached skill level 1 in Bows
  1121 | D:2      | Reached skill level 1 in Crossbows
  1121 | D:2      | Reached skill level 1 in Armour
  1121 | D:2      | Reached skill level 1 in Stealth
  1121 | D:2      | Reached skill level 1 in Shields
  1121 | D:2      | Reached skill level 1 in Unarmed Combat
  1121 | D:2      | Reached skill level 1 in Spellcasting
  1121 | D:2      | Reached skill level 1 in Conjurations
  1121 | D:2      | Reached skill level 1 in Hexes
  1121 | D:2      | Reached skill level 1 in Summonings
  1121 | D:2      | Reached skill level 1 in Necromancy
  1121 | D:2      | Reached skill level 1 in Translocations
  1121 | D:2      | Reached skill level 1 in Transmutations
  1121 | D:2      | Reached skill level 1 in Fire Magic
  1121 | D:2      | Reached skill level 1 in Ice Magic
  1121 | D:2      | Reached skill level 1 in Air Magic
  1121 | D:2      | Reached skill level 1 in Earth Magic
  1121 | D:2      | Reached skill level 1 in Poison Magic
  1121 | D:2      | Reached skill level 1 in Invocations
  1121 | D:2      | Reached skill level 1 in Evocations
  1121 | D:2      | Reached XP level 4. HP: 9/38 MP: 4/6
  1121 | D:2      | Reached XP level 5. HP: 10/43 MP: 4/7
  1439 | D:2      | Found a shimmering blue altar of Sif Muna.
  1713 | D:2      | Found a runed translucent door.
  1714 | D:2      | Noticed Crazy Yiuf
  1948 | D:2      | Killed Crazy Yiuf
  1949 | D:2      | Reached XP level 6. HP: 44/50 MP: 8/8
  2115 | D:3      | Reached skill level 5 in Fighting
  2115 | D:3      | Reached skill level 5 in Throwing
  2785 | D:3      | Found a burning altar of Makhleb.
  3267 | D:4      | Noticed Natasha
  3276 | D:4      | Killed Natasha
  3277 | D:4      | Reached XP level 7. HP: 52/56 MP: 10/10
  4087 | D:5      | Entered Level 5 of the Dungeon
  4469 | D:5      | Reached XP level 8. HP: 47/63 MP: 12/12
  4737 | D:5      | Found a glowing silver altar of Zin.
  4771 | D:5      | Found an opulent altar of Gozag.
  4897 | D:5      | Found a staircase to the Ecumenical Temple.
  4925 | Temple   | Entered the Ecumenical Temple
  4942 | Temple   | Became a worshipper of Warmaster Okawaru
  5058 | D:5      | You fall into a shaft and drop 2 floors!
  5149 | D:6      | Noticed a rust devil
  5149 | D:6      | Noticed a rust devil
  5248 | D:7      | Found a broken altar of Ashenzari.
  5852 | D:7      | Reached * piety under Okawaru
  6131 | D:7      | Reached XP level 9. HP: 63/69 MP: 14/14
  7529 | D:6      | Found a hazy altar of Hepliaklqana.
  7541 | D:6      | Noticed Pikel
  7568 | D:6      | Killed Pikel
  7568 | D:6      | Reached ** piety under Okawaru
  7641 | D:6      | Reached skill level 5 in Invocations
  7821 | D:6      | Found Lich's Jewellery Emporium.
  8065 | D:6      | Found a basalt altar of Yredelemnul.
  8225 | D:5      | Found a shimmering altar of Xom.
  8293 | D:5      | Got a jewelled spear
  8301 | D:5      | Identified the +1 spear of the Spectre {venom, *Contam rN+
                  | Will+ SInv} (You found it on level 5 of the Dungeon)
  8302 | D:5      | Identified a scroll of acquirement
  8303 | D:5      | Acquired 1222 gold pieces
  8339 | D:6      | Bought the amulet "Ommaps" {rPois rC+ Regen+ Int+2 Stlth+}
                  | for 662 gold pieces
  8350 | D:6      | Bought a ring of willpower for 300 gold pieces
  8583 | D:8      | Noticed a two-headed ogre
  8639 | D:8      | Killed a two-headed ogre
  8640 | D:8      | Reached skill level 5 in Short Blades
  8640 | D:8      | Reached skill level 5 in Long Blades
  8640 | D:8      | Reached skill level 5 in Axes
  8640 | D:8      | Reached skill level 5 in Polearms
  8640 | D:8      | Reached skill level 5 in Staves
  8640 | D:8      | Reached skill level 5 in Slings
  8640 | D:8      | Reached skill level 5 in Bows
  8640 | D:8      | Reached skill level 5 in Crossbows
  8640 | D:8      | Reached skill level 5 in Armour
  8640 | D:8      | Reached skill level 5 in Stealth
  8640 | D:8      | Reached skill level 5 in Shields
  8640 | D:8      | Reached skill level 5 in Unarmed Combat
  8640 | D:8      | Reached skill level 5 in Spellcasting
  8640 | D:8      | Reached skill level 5 in Evocations
  8640 | D:8      | Reached XP level 10. HP: 77/77 MP: 17/17
  8956 | D:8      | Noticed Harold
  8995 | D:8      | HP: 3/77 [Harold/+0 halberd (10)]
  9004 | D:8      | Killed Harold
  9004 | D:8      | Reached *** piety under Okawaru
  9139 | D:8      | Noticed Psyche
  9157 | D:8      | Killed Psyche
  9270 | D:8      | Noticed Joseph
  9295 | D:8      | Killed Joseph
  9295 | D:8      | Reached **** piety under Okawaru
  9352 | D:8      | Noticed Erica
  9368 | D:8      | Killed Erica
  9638 | D:9      | Noticed a two-headed ogre
  9664 | D:9      | Killed a two-headed ogre
  9665 | D:9      | Reached XP level 11. HP: 41/84 MP: 19/19
  9925 | D:9      | Noticed an orange crystal statue
  9929 | D:9      | Found a runed translucent door.
  9930 | D:9      | Found the +10 tower shield of Ignorance {rN+ Int-4}
  9975 | D:9      | Found a runed translucent door.
  9990 | D:9      | Noticed an orange crystal statue
  9990 | D:9      | Noticed an orange crystal statue
  9990 | D:9      | Noticed an orange crystal statue
  9995 | D:9      | Learned a level 1 spell: Apportation
 10208 | D:9      | Noticed a two-headed ogre
 10223 | D:9      | Killed a two-headed ogre
 10224 | D:9      | Reached skill level 5 in Conjurations
 10224 | D:9      | Reached skill level 5 in Hexes
 10224 | D:9      | Reached skill level 5 in Summonings
 10224 | D:9      | Reached skill level 5 in Necromancy
 10224 | D:9      | Reached skill level 5 in Translocations
 10224 | D:9      | Reached skill level 5 in Transmutations
 10224 | D:9      | Reached skill level 5 in Fire Magic
 10224 | D:9      | Reached skill level 5 in Ice Magic
 10224 | D:9      | Reached skill level 5 in Air Magic
 10224 | D:9      | Reached skill level 5 in Earth Magic
 10224 | D:9      | Reached skill level 5 in Poison Magic
 10273 | D:9      | Found a white marble altar of Elyvilon.
 10504 | D:9      | Found a stormy altar of Qazlal.
 10980 | D:10     | Entered Level 10 of the Dungeon
 11115 | D:10     | Reached ***** piety under Okawaru
 11299 | D:10     | Killed an unseen horror
 11577 | D:10     | Noticed a two-headed ogre
 11589 | D:10     | Killed a two-headed ogre
 11708 | D:10     | Received a gift from Okawaru
 11983 | D:10     | Received a gift from Okawaru
 12633 | D:11     | Reached XP level 12. HP: 70/94 MP: 22/22
 12673 | D:11     | Received a gift from Okawaru
 12776 | D:11     | Noticed a boulder beetle
 12810 | D:11     | Killed a boulder beetle
 13010 | D:11     | Noticed a two-headed ogre
 13037 | D:11     | Killed a two-headed ogre
 13061 | D:11     | Noticed a boulder beetle
 13063 | D:11     | Found Oduw Fou's Armour Shoppe.
 13063 | D:11     | Found a staircase to the Orcish Mines.
 13146 | D:11     | Killed a boulder beetle
 13167 | D:11     | Bought a +1 pair of boots of rampaging for 247 gold pieces
 13181 | D:11     | Found a staircase to the Lair.
 13468 | Lair:1   | Entered Level 1 of the Lair of Beasts
 13473 | Lair:1   | Noticed a four-headed hydra
 13489 | Lair:1   | Killed a four-headed hydra
 13533 | Lair:1   | Acquired 780 gold pieces
 13625 | Lair:1   | Found a broken altar of Ashenzari.
 13843 | Lair:1   | Reached skill level 10 in Maces & Flails
 13843 | Lair:1   | Reached skill level 10 in Dodging
 13851 | Lair:1   | Noticed Maggie
 13853 | Lair:1   | Found a transporter.
 13867 | Lair:1   | Killed Maggie
 14473 | Lair:1   | Received a gift from Okawaru
 14507 | Lair:1   | Got a pair of ichor-stained boots {god gift}
 14518 | Lair:1   | Identified the +2 pair of boots "Myafumn" {*Slow rCorr
                  | Str+3 Dex+2} (Okawaru gifted it to you on level 1 of the
                  | Lair of Beasts)
 14695 | Lair:1   | Noticed Sonja
 14707 | Lair:1   | Killed Sonja
 14777 | Lair:1   | Found a transporter.
 14811 | Lair:1   | Reached XP level 13. HP: 88/101 MP: 24/24
 15681 | Lair:1   | Upgraded the game from 0.27-a0-396-g03f4e8edb7 to
                  | 0.27-a0-404-g4390dbc5be
 15792 | Lair:2   | Learned a level 3 spell: Mephitic Cloud
 15985 | Lair:2   | Received a gift from Okawaru
 16530 | Lair:2   | Received a gift from Okawaru
 17317 | Lair:3   | Found a staircase to the Shoals.
 17358 | Lair:3   | Reached ****** piety under Okawaru
 17663 | Lair:3   | Reached XP level 14. HP: 109/109 MP: 26/26
 17807 | Lair:3   | Reached skill level 10 in Fighting
 17807 | Lair:3   | Reached skill level 10 in Throwing
 17813 | Lair:3   | Received a gift from Okawaru
 18824 | Lair:4   | Found a hole to the Spider Nest.
 18995 | Lair:4   | Reached skill level 10 in Invocations
 19601 | Lair:5   | Learned a level 3 spell: Ignite Poison
 19858 | Lair:5   | Received a gift from Okawaru
 20104 | Lair:5   | Received a gift from Okawaru
 20842 | Lair:6   | Entered Level 6 of the Lair of Beasts
 21002 | Lair:6   | Received a gift from Okawaru
 21175 | Lair:6   | Reached XP level 15. HP: 97/117 MP: 28/28
 21197 | Lair:6   | Received a gift from Okawaru
 21423 | Lair:6   | Received a gift from Okawaru
 21580 | Lair:6   | Found a staircase to the Slime Pits.
 22593 | Lair:6   | Reached skill level 10 in Short Blades
 22593 | Lair:6   | Reached skill level 10 in Long Blades
 22593 | Lair:6   | Reached skill level 10 in Axes
 22593 | Lair:6   | Reached skill level 10 in Polearms
 22593 | Lair:6   | Reached skill level 10 in Staves
 22593 | Lair:6   | Reached skill level 10 in Slings
 22593 | Lair:6   | Reached skill level 10 in Bows
 22593 | Lair:6   | Reached skill level 10 in Crossbows
 22593 | Lair:6   | Reached skill level 10 in Armour
 22593 | Lair:6   | Reached skill level 10 in Stealth
 22593 | Lair:6   | Reached skill level 10 in Shields
 22593 | Lair:6   | Reached skill level 10 in Unarmed Combat
 22593 | Lair:6   | Reached skill level 10 in Spellcasting
 22593 | Lair:6   | Reached skill level 10 in Evocations
 22926 | Lair:6   | Got a bloodstained halberd
 22928 | Lair:6   | Identified the +3 halberd of the Shrike {venom, MP+9 Int+3
                  | Stlth+} (You found it on level 6 of the Lair of Beasts)
 23131 | Orc:1    | Entered Level 1 of the Orcish Mines
 23481 | Orc:1    | Upgraded the game from 0.27-a0-404-g4390dbc5be to
                  | 0.27-a0-409-gd57800a693
 23787 | Orc:2    | Entered Level 2 of the Orcish Mines
 24181 | Orc:2    | Found a roughly hewn altar of Beogh.
 24400 | Orc:2    | Found Ysihuer's Antique Weapon Boutique.
 24481 | Orc:2    | Found Kyxtaec's Armour Shop.
 24990 | Orc:2    | Received a gift from Okawaru
 25065 | Orc:2    | Found a staircase to the Elven Halls.
 25392 | Orc:2    | Noticed an orc warlord
 25500 | Orc:2    | Killed an orc warlord
 25500 | Orc:2    | Received a gift from Okawaru
 25526 | Orc:2    | Found a roughly hewn altar of Beogh.
 25814 | Orc:2    | Gained mutation: You possess an exceptional clarity of
                  | mind. [a neqoxec]
 25815 | Orc:2    | Gained mutation: You are partially covered in thin metallic
                  | scales. (AC +2) [a neqoxec]
 25863 | Orc:2    | Found Buog's Antique Armour Shoppe.
 25975 | Orc:2    | Bought a pair of faintly glowing boots for 209 gold pieces
 25985 | Orc:2    | Identified the +2 pair of boots "Meffoubb" {*Drain Int+9}
                  | (You bought it in a shop on level 2 of the Orcish Mines)
 26051 | Orc:2    | Found Ziqalusu's Armour Boutique.
 26081 | Orc:2    | Upgraded the game from 0.27-a0-409-gd57800a693 to
                  | 0.27-a0-412-g8dd771eca2
 26176 | Orc:2    | Reached XP level 16. HP: 95/102 MP: 30/30
 26574 | D:12     | Found a portal to a secret trove of treasure.
 27342 | D:12     | Found Uclet's Distillery.
 27348 | D:12     | Bought a potion of haste for 160 gold pieces
 27348 | D:12     | Bought 2 potions of haste for 320 gold pieces
 27348 | D:12     | Bought a potion of might for 64 gold pieces
 27348 | D:12     | Bought a potion of heal wounds for 80 gold pieces
 27348 | D:12     | Bought a potion of berserk rage for 80 gold pieces
 27348 | D:12     | Bought a potion of mutation for 128 gold pieces
 27401 | D:13     | Noticed Snorg
 27424 | D:13     | Killed Snorg
 27515 | D:13     | Found Curempef's Antique Weapon Boutique.
 27591 | D:13     | Found a flagged portal.
 27602 | Bailey   | Entered a bailey
 27977 | Bailey   | Got a translucent great sword
 27978 | Bailey   | Identified the +9 great sword of Nymeco Yntu {chaos, Str+3
                  | Int+5} (You found it in a bailey)
 28236 | D:13     | Bought a jewelled flail for 212 gold pieces
 28236 | D:13     | Identified the +5 flail of Contradiction {elec, rF+ Str+3}
                  | (You bought it in a shop on level 13 of the Dungeon)
 28981 | D:14     | Found a gate to the Vaults.
 28981 | D:14     | Noticed Nessos
 28981 | D:14     | Noticed Urug
 28996 | D:13     | Received a gift from Okawaru
 29065 | D:13     | Killed Urug
 29264 | D:14     | Killed Nessos
 29443 | D:14     | Received a gift from Okawaru
 30043 | D:15     | Entered Level 15 of the Dungeon
 30408 | D:15     | Received a gift from Okawaru
 30598 | D:15     | Found a roughly hewn altar of Beogh.
 30683 | D:15     | Received a gift from Okawaru
 30687 | D:15     | Found a staircase to the Depths.
 30966 | Spider:1 | Entered Level 1 of the Spider Nest
 30979 | Lair:4   | Paralysed by a hornet for 1 turns
 31035 | Spider:1 | Noticed Azrael
 31201 | Lair:4   | Received a gift from Okawaru
 31291 | Spider:1 | Noticed Donald
 31324 | Lair:4   | Killed Donald
 31325 | Lair:4   | Reached XP level 17. HP: 90/133 MP: 32/32
 31353 | Lair:4   | Received a gift from Okawaru
 31452 | Lair:4   | Killed Azrael
 31682 | Spider:1 | Noticed Frances
 31798 | Spider:1 | Killed Frances
 31826 | Spider:1 | Noticed Agnes
 31964 | Spider:1 | Killed Agnes
 33478 | Spider:2 | Received a gift from Okawaru
 34124 | Spider:2 | Received a gift from Okawaru
 34194 | Spider:2 | Reached skill level 10 in Conjurations
 34194 | Spider:2 | Reached skill level 10 in Hexes
 34194 | Spider:2 | Reached skill level 10 in Summonings
 34194 | Spider:2 | Reached skill level 10 in Necromancy
 34194 | Spider:2 | Reached skill level 10 in Translocations
 34194 | Spider:2 | Reached skill level 10 in Transmutations
 34194 | Spider:2 | Reached skill level 10 in Fire Magic
 34194 | Spider:2 | Reached skill level 10 in Ice Magic
 34194 | Spider:2 | Reached skill level 10 in Air Magic
 34194 | Spider:2 | Reached skill level 10 in Earth Magic
 34194 | Spider:2 | Reached skill level 10 in Poison Magic
 35262 | Spider:2 | Received a gift from Okawaru
 36491 | Spider:2 | Received a gift from Okawaru
 36952 | Spider:3 | Identified the +10 bardiche "Ereemo" {pain, rPois rF- rN+
                  | Dex+5} (You found it on level 3 of the Spider Nest)
 38063 | Spider:4 | Entered Level 4 of the Spider Nest
 38374 | Spider:4 | Reached XP level 18. HP: 111/142 MP: 33/33
 38782 | Spider:4 | Received a gift from Okawaru
 38790 | Spider:4 | Got a pair of jewelled gloves {god gift}
 38801 | Spider:4 | Identified the +1 pair of gloves of Music {rF+} (Okawaru
                  | gifted it to you on level 4 of the Spider Nest)
 40312 | Spider:4 | Reached XP level 19. HP: 60/148 MP: 1/35
 41538 | Spider:4 | Paralysed by a hornet for 1 turns
 41541 | Spider:4 | HP: 3/148 [spark wasp (20)]
 41541 | Spider:4 | Mangled by a spark wasp

Illustrated notes

Levels and vault maps discovered:
D:1:      dpeg_arrival_pond, layout_loops_corners, minmay_split_cup_large
D:2:      layout_rooms, lemuel_crystal_altar, uniq_crazy_yiuf_cottage,
          uniq_sigmund
D:3:      layout_loops_cross, makhleb_heckhound_becter, minmay_misc_feat_chi,
          minmay_strange_pillars, kennysheep_generic_room_2
D:4:      minmay_general_purpose_star, layout_loops_ring,
          hangedman_minor_gate_pass, uniq_natasha
D:5:      layout_basic, nemelex_altar_shiori, led_xom_imps,
          kennysheep_little_box, minmay_temple_entry_trees,
          grunt_gozag_breadcrumbs, uniq_eustachio
D:6:      cheibrodos_iron_armory, layout_rooms, lemuel_zombie_altar_yredelemnul,
          general_overflow_altar, serial_shops, shop_coins, minmay_crossroads,
          uniq_pikel
D:7:      layout_loops_corners, ashenzari_conservatory_becter, minivault_14
D:8:      cheibrodos_helix_gallery, layout_basic, kennysheep_generic_room_7,
          uniq_psyche, uniq_erica, uniq_joseph, uniq_harold
D:9:      layout_layer_cave, grunt_qazlal_clouds, basic_altar,
          chequers_guarded_unrand_ignorance
D:10:     layout_gridville
D:11:     layout_cave_pools, erik_lair_orcish_takeover, orc_david_3
D:12:     layout_rooms, enter_trove_1, serial_shops, shop,
          hangedman_abyss_or_decor_clamps
D:13:     minmay_angry_zag, layout_long_grid, enter_bailey_5, serial_shops,
          shop, uniq_snorg
D:14:     layout_basic, david_vaults_3, nicolae_water_bricks, uniq_nessos
D:15:     grunt_enter_depths_hoard, layout_rooms,
          hangedman_abyss_or_decor_lesser_grid, special_room [special_room_orc],
          palyth_stone_intersect
Temple:   cyrus_circular_temple
Lair:1:   gammafunk_cloud_chamber, layout_cave_pods, basic_altar,
          kennysheep_abandoned_house, uniq_maggie, uniq_sonja
Lair:2:   regret_index_tunnel_blossom, layout_loops_ring, serial_bayou,
          serial_bayou_pond_e, serial_bayou_shore_b, serial_bayou_ford_a,
          serial_bayou_shore_b, serial_bayou_lagoon_a, minmay_another_anthill
Lair:3:   layout_chaotic_city, shoals_dummy_entry, minmay_stone_trees_medium
Lair:4:   layout_gridlike, spider_nest_entry_web_field,
          grunt_forest_large_clearings, grunt_megastairs_2, serial_bayou_shore_a
Lair:5:   layout_roguey, pond, serial_bayou_shore_b, minmay_lair_oklob_chamber
Lair:6:   due_jungle_book, layout_layer_cave, minmay_slime_entry_oklob_open,
          chequers_serial_rivers_small_b, cheibrodos_lair_lostbears,
          infiniplex_staircase_pool_2
Spider:1: layout_spider_delve, nicolae_spider_nook, uniq_azrael, uniq_donald,
          uniq_agnes, uniq_frances
Spider:2: layout_spider_delve
Spider:3: layout_spider_delve, spiders_nest_ghost_moth_duel
Spider:4: spider_rune_water
Orc:1:    layout_caves, nicolae_orc_crystal_geode
Orc:2:    pubby_orc_utopia

Skill      XL: |  1  2  3  4  5  6  7  8  9 10 11 12 13 14 15 16 17 18 |
---------------+-------------------------------------------------------+-----
Short Blades   | 1 2 3 5 6 7 8 9 10 11 12 | 12.2
Long Blades    | 1 2 3 5 6 7 8 9 10 11 12 | 12.2
Axes           | 1 2 3 5 6 7 8 9 10 11 12 | 12.2
Polearms       | 1 2 3 5 6 7 8 9 10 11 12 | 12.2
Staves         | 1 2 3 5 6 7 8 9 10 11 12 | 12.2
Slings         | 1 2 3 5 6 7 8 9 10 11 12 | 12.2
Bows           | 1 2 3 5 6 7 8 9 10 11 12 | 12.2
Crossbows      | 1 2 3 5 6 7 8 9 10 11 12 | 12.2
Armour         | 1 2 3 5 6 7 8 9 10 11 12 | 12.2
Stealth        | 1 2 3 5 6 7 8 9 10 11 12 | 12.2
Shields        | 1 2 3 5 6 7 8 9 10 11 12 | 12.2
Unarmed Combat | 1 2 3 5 6 7 8 9 10 11 12 | 12.2
Spellcasting   | 1 2 3 5 6 7 8 9 10 11 12 | 12.2
Conjurations   | 1 2 3 4 5 6 7 8 9 10 | 10.4
Hexes          | 1 2 3 4 5 6 7 8 9 10 | 10.4
Summonings     | 1 2 3 4 5 6 7 8 9 10 | 10.4
Necromancy     | 1 2 3 4 5 6 7 8 9 10 | 10.4
Translocations | 1 2 3 4 5 6 7 8 9 10 | 10.4
Transmutations | 1 2 3 4 5 6 7 8 9 10 | 10.4
Fire Magic     | 1 2 3 4 5 6 7 8 9 10 | 10.4
Ice Magic      | 1 2 3 4 5 6 7 8 9 10 | 10.4
Air Magic      | 1 2 3 4 5 6 7 8 9 10 | 10.4
Earth Magic    | 1 2 3 4 5 6 7 8 9 10 | 10.4
Poison Magic   | 1 2 3 4 5 6 7 8 9 10 | 10.4
Invocations    | 1 2 3 4 5 6 7 8 9 10 11 12 13 | 13.2
Evocations     | 1 2 3 5 6 7 8 9 10 11 12 | 12.2
Fighting       | 5 6 7 8 9 10 11 12 | 12.9
Throwing       | 5 6 7 8 9 10 11 12 | 12.9
Maces & Flails | 7 8 9 10 11 12 13 | 13.5
Dodging        | 7 8 9 10 11 12 13 | 13.5

Action                   |  1- 3 |  4- 6 |  7- 9 | 10-12 | 13-15 | 16-18 | 19-21 || total
-------------------------+-------+-------+-------+-------+-------+-------+-------++-------
Melee: Flail             |    62 |       |       |       |       |  1717 |   125 ||  1904
       Bite              |     5 |    16 |    95 |   221 |   457 |   309 |    23 ||  1126
       Whip              |    23 |   147 |   566 |  1221 |   781 |       |       ||  2738
       Punch             |       |     1 |    10 |    58 |   146 |       |       ||   215
       Scimitar          |       |       |       |       |  1577 |   304 |       ||  1881
       Trident           |       |       |       |       |   130 |       |       ||   130
       Halberd           |       |       |       |       |    99 |       |       ||    99
       Falchion          |       |       |       |       |       |   217 |       ||   217
Throw: Throwing net      |       |       |     3 |       |     1 |     1 |       ||     5
       Javelin           |       |       |       |       |     4 |     7 |       ||    11
 Cast: Apportation       |       |       |       |     1 |       |       |       ||     1
       Mephitic Cloud    |       |       |       |       |    10 |     6 |       ||    16
Invok: Heroism           |       |       |       |     2 |     9 |     5 |     2 ||    18
       Finesse           |       |       |       |       |       |     1 |       ||     1
Evoke: Wand              |       |       |     4 |    20 |    18 |     3 |       ||    45
  Use: Scroll            |       |       |     4 |    10 |    18 |     8 |     3 ||    43
       Potion            |       |       |       |     3 |    13 |     9 |     4 ||    29
 Stab: Sleeping          |     1 |     1 |       |    12 |    29 |    20 |     1 ||    64
       Petrified         |       |       |    13 |    12 |     2 |       |       ||    27
       Paralysed         |       |       |       |    27 |       |       |       ||    27
       Petrifying        |       |       |       |     1 |       |       |       ||     1
       Confused          |       |       |       |     5 |    18 |     1 |       ||    24
       Distracted        |       |       |       |     1 |     8 |     5 |       ||    14
       Held in net/web   |       |       |       |       |       |     6 |     9 ||    15
Armor: Leather armour    |    25 |     1 |       |       |       |       |       ||    26
       Scale mail        |       |    21 |   141 |   275 |   800 |  1241 |    93 ||  2571
       Skin              |       |       |       |       |    20 |       |       ||    20
Dodge: Dodged            |    65 |    82 |   272 |   619 |  1830 |  1740 |    83 ||  4691
Block: Kite shield       |       |       |       |       |   161 |  1799 |    74 ||  2034
       Reflection        |       |       |       |       |       |     2 |       ||     2
       Rpst.: Scimitar   |       |       |       |       |   330 |    32 |       ||   362
       Falchion          |       |       |       |       |       |    32 |       ||    32

Table legend: (Time is in decaauts)
 A = Elapsed time spent in this place.
 B = Non-inter-level travel time spent in this place.
 C = Inter-level travel time spent in this place.
 D = Time resting spent in this place.
 E = Time spent auto-exploring this place.
 F = Levels seen in this place.
 G = Mean time per level.
                   A        B        C        D        E       F      G
               +--------+--------+--------+--------+--------+-----+--------+
         Total |  40110 |  38837 |   1273 |   9364 |  18211 |  29 | 1383.1 |
       Dungeon |  16750 |  16101 |    649 |   2777 |   9198 |  15 | 1116.7 |
        Temple |     65 |     57 |      8 |      0 |     52 |   1 |   65.0 |
          Lair |   9839 |   9457 |    382 |   1081 |   4809 |   6 | 1639.8 |
   Spider Nest |   9730 |   9539 |    191 |   5095 |   2445 |   4 | 2432.5 |
  Orcish Mines |   3265 |   3223 |     42 |    407 |   1531 |   2 | 1632.5 |
        Bailey |    459 |    459 |      0 |      3 |    175 |   1 |  459.0 |
               +--------+--------+--------+--------+--------+-----+--------+

Top non-repeatable levels by time:
Spider:2: 2828 daAuts
   Orc:2: 2659 daAuts
Spider:4: 2524 daAuts
Spider:1: 2291 daAuts
  Lair:6: 2123 daAuts
Spider:3: 2085 daAuts
     D:7: 2015 daAuts
  Lair:2: 1905 daAuts
  Lair:4: 1760 daAuts
  Lair:1: 1472 daAuts
  Lair:5: 1348 daAuts
     D:4: 1337 daAuts
     D:9: 1325 daAuts
    D:13: 1295 daAuts
     D:1: 1280 daAuts
